 Dungeon Crawl Stone Soup version 0.26-a0-752-gcff87cac9a (webtiles) character file.

Game seed: 11898985081137196676

351 Descartes the Covered (level 6, -4/47 HPs)
             Began as a Barachi Fighter on Nov 6, 2020.
             Slain by an ogre
             ... wielding a +0 giant spiked club
              (19 damage)
             ... on level 4 of the Dungeon.
             The game lasted 00:04:28 (3430 turns).

Descartes the Covered (Barachi Fighter)             Turns: 3430, Time: 00:04:28

Health: -4/47      AC: 11    Str: 17    XL:     6   Next: 61%
Magic:  0/7        EV:  7    Int: 10    God:
Gold:   177        SH: 10    Dex: 12    Spells: 7/7 levels left

rFire    . . .     SeeInvis .   a - +0 long sword
rCold    . . .     Faith    .   c - +0 kite shield
rNeg     . . .     Spirit   +   b - +0 scale mail
rPois    .         Reflect  .   (no helmet)
rElec    .         Harm     .   (no cloak)
rCorr    .         Rampage  .   (no gloves)
MR       .....                  (no boots)
Stlth    ..........             u - amulet of guardian spirit
HPRegen  0.15/turn              k - +4 ring of protection
MPRegen  0.10/turn              (no ring)

@: slow
A: +LOS, swims, slowness 1, strong legs 1
a: Hop


You were on level 4 of the Dungeon.
You visited 1 branch of the dungeon, and saw 4 of its levels.

You collected 177 gold pieces.

Inventory:

Hand Weapons
 a - a +0 long sword (weapon)
 v - a cursed -3 long sword
Missiles
 e - 41 sling bullets
 f - 94 stones (quivered)
 h - 16 bolts
 i - 32 poisoned darts
 q - 10 arrows
 B - 4 large rocks
Armour
 b - a +0 scale mail (worn)
 c - a +0 kite shield (worn)
 C - a +0 chain mail
Jewellery
 k - a +4 ring of protection (left hand)
 u - an amulet of guardian spirit (around neck)
 A - an uncursed ring of magical power {unknown}
Wands
 x - a wand of iceblast (8)
Scrolls
 g - 4 scrolls of identify {unknown}
 l - a scroll of blinking {unknown}
 n - a scroll of fog {unknown}
 o - a scroll of remove curse {unknown}
 r - a scroll of enchant weapon {unknown}
 y - 6 scrolls of teleportation {unknown}
Potions
 d - 2 potions of might
 j - 2 potions of curing {unknown}
 m - 2 potions of berserk rage {unknown}
 p - a potion of brilliance {unknown}
 s - 2 potions of haste {unknown}
 t - a potion of attraction {unknown}
 w - 2 potions of flight {unknown}
 z - a potion of heal wounds {unknown}


   Skills:
 - Level 3.6 Fighting
 - Level 2.4 Long Blades
 + Level 6.4 Armour
 + Level 5.9 Shields
 + Level 1.3 Spellcasting


You had 7 spell levels left.
You didn't know any spells.
Your spell library was empty.

Dungeon Overview and Level Annotations

Branches:
Dungeon (4/15)
 Temple: D:4-7

Altars:
Hepliaklqana
Qazlal
Trog
Xom


Innate Abilities, Weirdness & Mutations

You can be seen from farther away. (+LOS)
You can swim through water.
You cover ground slowly.
You can hop short distances.


Message History

The ogre is lightly wounded.
You block the ogre's attack.
You barely miss the ogre.
The ogre is lightly wounded.
The ogre hits you with a +0 giant spiked club.
You hit the ogre.
The ogre is moderately wounded.
The ogre hits you with a +0 giant spiked club!!
* * * LOW HITPOINT WARNING * * *
You are too injured to fight recklessly!
You are too injured to fight recklessly!
You barely miss the ogre.
The ogre is moderately wounded.
The ogre hits you but does no damage.
You barely miss the ogre.
The ogre is moderately wounded.
You hit the ogre.
The ogre is heavily wounded.
The ogre hits you with a +0 giant spiked club!!
You die...

#..†..<.####....
#.............###..
#........#.........
#........#..<.#
#.............#
########.#....#
#.#....#######
#.#....<.....#
#.#..@O#.....#
#.#....##....#
#.#.#.........
..............
..............
..#.#.........## ..
#.#.........# . #
#.>.......#
#..........


You could see an ogre.

Vanquished Creatures
  Sigmund (D:2)
  A phantom (D:4)
  4 adders
  3 worms
  2 dart slugs
  6 leopard geckos
  2 ball pythons
  4 giant cockroaches
  10 hobgoblins
  2 jackals (D:3)
  6 bats
  A frilled lizard (D:2)
  8 goblins
  3 kobolds
  9 rats
62 creatures vanquished.

Notes
Turn   | Place    | Note
-------+----------+-------------------------------------------
     0 | D:1      | Descartes the Barachi Fighter began the quest for the Orb.
     0 | D:1      | Reached XP level 1. HP: 18/18 MP: 1/1
   356 | D:1      | Reached skill level 4 in Armour
   356 | D:1      | Reached XP level 2. HP: 24/24 MP: 2/2
   729 | D:2      | Reached XP level 3. HP: 29/29 MP: 3/3
   730 | D:2      | Found a hazy altar of Hepliaklqana.
   737 | D:2      | Noticed Sigmund
  1460 | D:2      | Reached XP level 4. HP: 27/36 MP: 4/4
  1544 | D:2      | Found a shimmering altar of Xom.
  1604 | D:2      | Found a stormy altar of Qazlal.
  1779 | D:2      | Noticed a moth of wrath
  1782 | D:2      | Found a bloodstained altar of Trog.
  1794 | D:2      | Reached skill level 5 in Armour
  2061 | D:2      | Killed Sigmund
  2061 | D:2      | Reached skill level 6 in Armour
  2061 | D:2      | Reached skill level 5 in Shields
  2061 | D:2      | Reached XP level 5. HP: 8/41 MP: 5/5
  2061 | D:2      | Reached XP level 6. HP: 9/47 MP: 6/6
  3387 | D:4      | Noticed a phantom
  3419 | D:4      | Killed a phantom
  3419 | D:4      | Reached skill level 1 in Spellcasting
  3430 | D:4      | Slain by an ogre

Illustrated notes

Levels and vault maps discovered:
D:1:      dpeg_arrival_concentric_ovals, layout_loops_ring
D:2:      layout_basic, grunt_qazlal_clouds, nicolae_overflow_crystal_walls,
          tgw_trog, lemuel_crystal_altar, patterned_corridor, uniq_sigmund
D:3:      layout_basic
D:4:      layout_rooms, lemuel_crystal_altar, kennysheep_little_box,
          elyvilon_altar_3, minmay_temple_entry_glassed_door, tgw_sif,
          uniq_duvessa

Skill      XL: |  1  2  3  4  5  6 |
---------------+-------------------+-----
Armour         | 4 6 |  6.4
Shields        | 4 5 |  5.9
Spellcasting   | 1 |  1.3
Fighting       | |  3.6
Long Blades    | |  2.4

Action                   |  1- 3 |  4- 6 || total
-------------------------+-------+-------++-------
Melee: Long sword        |   101 |   135 ||   236
 Abil: Hop               |     1 |       ||     1
Armor: Scale mail        |    62 |    56 ||   118
Dodge: Dodged            |    29 |    42 ||    71
Block: Kite shield       |    73 |    88 ||   161
       Rpst.: Long sword |    11 |    15 ||    26

Table legend: (Time is in decaauts)
 A = Elapsed time spent in this place.
 B = Non-inter-level travel time spent in this place.
 C = Inter-level travel time spent in this place.
 D = Time resting spent in this place.
 E = Time spent auto-exploring this place.
 F = Levels seen in this place.
 G = Mean time per level.
                   A        B        C        D        E       F      G
               +--------+--------+--------+--------+--------+-----+--------+
         Total |   3866 |   3752 |    114 |      0 |   3116 |   4 |  966.5 |
       Dungeon |   3866 |   3752 |    114 |      0 |   3116 |   4 |  966.5 |
               +--------+--------+--------+--------+--------+-----+--------+

Top non-repeatable levels by time:
     D:1: 1538 daAuts
     D:2: 1341 daAuts
     D:3: 921 daAuts
     D:4: 64 daAuts
